Map: Simulacrum LE

Players

껍똘이아빠

  • Race: Terran Terran
  • League: Gold
  • Spawn Location: 5:00

JohnnyV - Winner!

  • Race: Zerg Zerg
  • League: Silver
  • Spawn Location: 11:00

VOD

Have the link to the VOD?

Description

Time

  • Played on: May 22, 2020, 10:33 a.m.
  • Length: 6:49
Show
View Real Time Build Order
Export as new Build Order

껍똘이아빠 Terran 

Build Orders: 2 Factory 

Get SALT Encoding   

  12  0:01  SCV  
  13  0:16  Supply Depot  
  13  0:17  SCV  
  14  0:29  SCV  
  15  0:42  Barracks  
  15  0:45  SCV  
  16  0:57  SCV  
  16  1:00  Refinery  
  17  1:09  SCV, Refinery  
  18  1:21  SCV  
  19  1:33  SCV  
  19  1:36  Supply Depot  
  20  1:45  SCV  
  21  1:52  Barracks Reactor  
  21  1:57  SCV  
  22  2:09  SCV  
  22  2:13  Factory  
  23  2:21  Command Center  
  23  2:24  SCV  
  24  2:33  Reaper x2  
  26  2:39  SCV  
  27  2:51  SCV  
  28  3:03  SCV  
  29  3:15  SCV  
  29  3:19  Factory, Barracks Tech Lab  
  30  3:33  Hellion x2  
  33  3:42  Marauder  
  35  4:02  Hellion x2  
  37  4:15  Marauder  
  37  4:18  Hellion  
  37  4:23  Hellion  
  39  4:36  Marauder  
  41  4:39  Hellion x2  
  45  4:49  Hellion  
  41  4:58  Marauder  
  30  5:19  Marauder, Hellion  
  30  5:20  Hellion x2  
  35  5:34  Concussive Shells  
  31  5:38  SCV  
  31  5:41  Hellion  
  36  5:49  Hellion  
  36  5:50  SCV  
  32  5:57  Supply Depot  
  32  6:02  Hellion  
  30  6:07  Marauder  
  30  6:10  Hellion  
  31  6:14  SCV  
  28  6:26  SCV  
Show
View Real Time Build Order
Export as new Build Order

JohnnyV Zerg - Winner!

Build Orders: Pool First 

Get SALT Encoding   

  12  0:03  Drone  
  13  0:12  Overlord  
  13  0:19  Drone  
  14  0:35  Spawning Pool  
  14  0:39  Drone  
  14  0:58  Extractor  
  14  0:59  Drone x3  
  16  1:25  Hatchery  
  15  1:34  Drone  
  15  1:35  Overlord  
  15  1:36  Overlord  
  16  2:00  Roach Warren  
  16  2:01  Zergling x4  
  17  2:21  Zergling x4  
  19  2:30  Drone  
  19  2:35  Queen  
  22  2:53  Roach  
  22  2:54  Roach  
  22  2:55  Roach  
  22  2:57  Zergling x2  
  29  3:11  Queen  
  31  3:27  Roach x3  
  37  3:48  Drone  
  38  3:49  Drone  
  38  3:50  Overlord x2  
  38  3:52  Zergling x2  
  33  4:19  Roach x5  
  43  4:39  Roach x3  
  43  5:11  Zergling x2  
  43  5:12  Zergling x10  
  42  5:29  Zergling x4  
  44  5:48  Zergling x8  
  40  6:01  Zergling x4  
  42  6:12  Hatchery  
  41  6:23  Roach x4  
Tags
 
Add a new tag
Caveats
  • Supply blocks, unpowered buildings, or Contaminate may cause inaccurate times.
  • Supply counts are checked every 10 seconds.